 Dungeon Crawl Stone Soup version 0.30.1-3-gfc49f6343a (webtiles) character file.

Game seed: 7232719780369236881

13990 spardeous the Destroyer (level 11, -1/74 HPs)
             Began as a Demigod Conjurer on Aug 10, 2023.
             Slain by a wolf spider zombie (5 damage)
             ... in a Gauntlet.
             The game lasted 00:23:37 (14856 turns).

spardeous the Destroyer (Demigod Conjurer)         Turns: 14856, Time: 00:23:38

Health: -1/74      AC: 13    Str: 22    XL:     11   Next: 53%
Magic:  18/29      EV: 11    Int: 28    God:
Gold:   652        SH:  0    Dex: 12    Spells: 23/30 levels left

rFire   . . .        W - +2 dagger of the Mushroom {elec, rCorr}
rCold   + . .        (no shield)
rNeg    . . .        e - +0 troll leather armour {Pargi}
rPois   .            N - +2 helmet {SInv}
rElec   .            D - +0 cloak
rCorr   +            u - +0 pair of gloves
SInv    +            O - +3 pair of mountain boots {steadfast, rC+}
Will    ++...        (no amulet)
Stlth   ++           U - ring "Unosyih" {Will+ rCorr Str+4}
HPRegen 1.12/turn    C - +6 ring of strength
MPRegen 0.21/turn

%: no teleportation
@: lethally poisoned (-1 -> -10), slowed, very slow
A: high MP 1, forlorn, divine attributes
a: no special abilities


You were in a Gauntlet.
You visited 1 branch of the dungeon, and saw 11 of its levels.
You also visited: Sewer, Bailey and Gauntlet.

You collected 1393 gold pieces.
You spent 741 gold pieces at shops.

Inventory:

Hand Weapons
 m - a +2 vampiric dagger
 S - a +5 war axe
 W - the +2 dagger of the Mushroom (weapon) {elec, rCorr}
   (You found it on level 10 of the Dungeon)

   rCorr:     It protects you from acid and corrosion.
Armour
 e - a +0 troll leather armour (worn) {Pargi}
 u - a +0 pair of gloves (worn)
 B - a +2 scale mail of fire resistance
 D - a +0 cloak (worn)
 N - a +2 helmet of see invisible (worn)
 O - the +3 pair of mountain boots (worn) {steadfast, rC+}
   (You bought it in a shop on level 1 of the Dungeon)

   Steadfast: It prevents involuntary movement, except for blinking,
   teleportation, or banishment.
   rC:        It protects you from cold.
Jewellery
 s - a ring of poison resistance
 C - a +6 ring of strength (right hand)
 R - an amulet of faith
 U - the ring "Unosyih" (left hand) {Will+ rCorr Str+4}
   (You found it in a Gauntlet)

   [ring of willpower]

   Str:       It affects your strength (+4).
   rCorr:     It protects you from acid and corrosion.
   Will:      It increases your willpower.
Wands
 E - a wand of polymorph (9)
 F - a wand of quicksilver (19)
 H - a wand of mindburst (22)
 J - a wand of flame (29)
 V - a wand of iceblast (3)
Scrolls
 d - 3 scrolls of fog
 f - 3 scrolls of enchant weapon
 h - 2 scrolls of fear
 i - 9 scrolls of teleportation
 j - 4 scrolls of magic mapping
 k - a scroll of noise
 l - a scroll of torment
 n - 4 scrolls of immolation
 o - 2 scrolls of blinking
 p - 3 scrolls of vulnerability
 q - a scroll of summoning
 v - a scroll of silence
 x - 3 scrolls of enchant armour
 y - a scroll of amnesia
 G - a scroll of brand weapon
 I - 2 scrolls of poison
Potions
 b - a potion of magic
 c - 2 potions of haste {unknown}
 g - 9 potions of curing
 r - 2 potions of resistance {unknown}
 t - 2 potions of brilliance {unknown}
 z - 5 potions of heal wounds {unknown}
 A - a potion of lignification {unknown}
 K - a potion of berserk rage {unknown}
 L - a potion of cancellation {unknown}
 M - 2 potions of attraction {unknown}
 P - 3 potions of mutation {unknown}
 T - 2 potions of might {unknown}
 X - a potion of ambrosia {unknown}
Miscellaneous
 Q - a lightning rod (4/4)


   Skills:
 - Level 1.7 Dodging
 - Level 1.7 Stealth
 - Level 10.0 Spellcasting
 - Level 11.0 Conjurations
 + Level 9.8 Translocations


You had 23 spell levels left.
You knew the following spells:

 Your Spells              Type           Power      Damage    Failure   Level
a - Magic Dart            Conj           100%       1d8       1%          1
b - Searing Ray           Conj           100%       2d8       1%          2
c - Iskenderun's Mystic   Conj/Tloc      64%        2d13      1%          4

Your spell library contained the following spells:

 Spells                   Type           Power      Damage    Failure   Level
 Dazzling Flash           Conj/Hex       90%        N/A       1%          3
 Hailstorm                Conj/Ice       45%        3d10      1%          3
 Portal Projectile        Hex/Tloc       82%        N/A       1%          3
 Freeze                   Ice            56%        1d7       4%          1
 Fulminant Prism          Conj/Hex       22%        3d12      4%          4
 Sublimation of Blood     Necr           14%        N/A       7%          2
 Wereblood                Tmut           14%        N/A       7%          2
 Call Canine Familiar     Summ           14%        N/A       14%         3
 Frozen Ramparts          Ice            28%        1d5       14%         3
 Leda's Liquefaction      Hex/Erth       7%         N/A       41%         4
 Summon Lightning Spire   Summ/Air       14%        N/A       41%         4
 Storm Form               Tmut/Air       7%         N/A       100%        7
 Summon Hydra             Summ           7%         N/A       100%        7
 Borgnjor's Revivificati  Necr           7%         N/A       100%        8
 Maxwell's Capacitive Co  Air            7%         ∞         100%        8
 Necromutation            Tmut/Necr      7%         N/A       100%        8
 Death's Door             Necr           7%         N/A       100%        9


Dungeon Overview and Level Annotations

Branches:
Dungeon (11/15)            Temple (0/1) D:6            Lair (0/5) D:10
  Sewer (visited)          Bailey (visited)         Gauntlet (1/1)
    Orc: D:9-12

Shops:
D:1 [   D:7 [=?[!   D:9 (

Annotations:
D:5 exclusion: statue Gauntlet 13 runed translucent doors, 9 transporters


Innate Abilities, Weirdness & Mutations

You have an increased reservoir of magic. (+10% MP)
You shall have no god before yourself.
Your divine heritage dramatically boosts your attributes as you level up.


Message History

You take 18 damage, and have 31/74 hp.
MASSIVE DAMAGE!!
You now have 21/29 mp.
Casting: Iskenderun's Mystic Blast (mildly dangerous; 1% risk of failure)
Confirm with . or Enter, or press ? or * to list all spells.
You erupt in a blast of force!
The mystic blast hits the wolf spider zombie!
The wolf spider zombie is heavily damaged.
The wolf spider zombie is knocked back by the mystic blast.
The wolf spider zombie slams into the translucent stone wall!
The wolf spider zombie is severely damaged.
The mystic blast hits the death drake!
The death drake is severely wounded.
The death drake is knocked back by the mystic blast.
The death drake slams into the translucent stone wall!
The death drake is severely wounded.
You are engulfed in dark miasma.
You are more poisoned.
You feel as though you will be slow longer.
* * * LOW HITPOINT WARNING * * *
x2 You feel extremely sick.
You take 27 damage, and have 4/74 hp.
MASSIVE DAMAGE!!
You now have 17/29 mp.
Okay, then.
Okay, then.
It was a potion of curing.
You feel better. The wolf spider zombie hits you.
* * * LOW HITPOINT WARNING * * *
The wolf spider zombie bites you but does no damage.
The death drake closely misses you. The wolf spider zombie hits you.
* * * LOW HITPOINT WARNING * * *
The wolf spider zombie bites you but does no damage.
The death drake breathes miasma at you. The foul vapour engulfs you.
You are lethally poisoned!
* * * LOW HITPOINT WARNING * * *
You regained 4 hp, and now have 8/74 hp.
You feel better.
You are engulfed in dark miasma.
You are poisoned.
You feel as though you will be slow longer.
* * * LOW HITPOINT WARNING * * *
x2 You feel extremely sick.
The wolf spider zombie hits you.
You die...

....8.....8...............## ###
.................8.....8.## #...
##########...............≈##..#
..+..+...#...#########...##...##
..+..+...#...#.......#...#......
++#''##..#####..#...(#...#.8©.##
..+...'..#...#.###..(#...#....##
©.#...'.©#©.©#.Z#°#.©#.8.#.8©...
..'...'..#...#°k@###=#...#....##
++#''##.†#####.°°°#..#...#.8©.##
..+..'...#...#°...°..#...#......
..+..'..†#...#########...##...##
##########...............≈##..#
.................8.....8.## #...
....8.....8...............## ###
............###########...≈#
#########...#24.......#...##


You could see a death drake and a wolf spider zombie.

Vanquished Creatures
  An entropy weaver (Gauntlet)
  An orc knight (Bailey)
  An ugly thing (D:10)
  A wolf spider (Gauntlet)
  A cyclops (D:11)
  A manticore (D:10)
  An elephant (D:10)
  Psyche (D:9)
  5 trolls
  Grinder (D:6)
  Prince Ribbit (D:6)
  A jumping spider (Gauntlet)
  Sigmund (D:6)
  A shadow (D:10)
  2 wyverns
  20 yaks
  A redback (Gauntlet)
  A steam dragon (D:8)
  A basilisk (D:10)
  3 vampire mosquitoes
  An acid dragon (shapeshifter) (D:9)
  2 acid dragons
  Duvessa (D:5)
  A spectral hornet (Gauntlet)
  Pargi (Sewer)
  4 black bears
  6 orc warriors
  An ice beast (D:8)
  3 centaurs
  2 ogres
  3 phantoms
  6 kobold brigands (Bailey)
  Blork the orc (D:4)
  2 bullfrogs
  A gnoll sergeant (D:9)
  5 scorpions
  13 wights (D:8)
  3 killer bees (D:6)
  Dowan (D:5)
  6 hounds
  3 jellies
  Crazy Yiuf (D:5)
  A spectral boggart (Gauntlet)
  2 sleepcaps
  6 iguanas
  4 orc wizards (D:9)
  4 adders
  6 gnolls
  A shadow imp (D:5)
  An ufetubus (D:3)
  A worm (D:3)
  3 dart slugs
  10 orcs
  5 endoplasms
  6 giant cockroaches
  8 goblins
  11 hobgoblins
  A quokka (D:1)
  7 ball pythons
  8 bats
  3 frilled lizards
  17 kobolds
  4 rats
  A spectral orc (D:3)
223 creatures vanquished.

Notes
Turn   | Place    | Note
-------+----------+-------------------------------------------
     0 | D:1      | spardeous the Demigod Conjurer began the quest for the Orb.
     0 | D:1      | Reached XP level 1. HP: 14/14 MP: 5/5
   380 | D:1      | Reached XP level 2. HP: 20/20 MP: 4/7
   393 | D:1      | Reached skill level 4 in Conjurations
   489 | D:1      | Found Engiut's Antique Armour Boutique.
  1397 | D:2      | Reached XP level 3. HP: 26/26 MP: 5/8
  1815 | D:3      | Learned a level 2 spell: Searing Ray
  2034 | D:3      | Reached skill level 5 in Conjurations
  2053 | D:3      | Reached XP level 4. HP: 33/33 MP: 3/9
  2630 | D:4      | Noticed Blork the orc
  2728 | D:4      | Reached skill level 6 in Conjurations
  2728 | D:4      | Reached XP level 5. HP: 38/38 MP: 4/10
  3050 | D:4      | Noticed an ogre
  3072 | D:4      | Killed an ogre
  3073 | D:4      | Reached XP level 6. HP: 45/45 MP: 7/12
  3143 | D:4      | Reached skill level 7 in Conjurations
  3148 | D:4      | Learned a level 4 spell: Iskenderun's Mystic Blast
  3279 | D:4      | Killed Blork the orc
  3950 | D:5      | Entered Level 5 of the Dungeon
  3983 | D:5      | Found a glowing drain.
  4067 | Sewer    | Entered a sewer
  4098 | Sewer    | Noticed Pargi
  4105 | Sewer    | Killed Pargi
  4106 | Sewer    | Reached skill level 1 in Translocations
  4346 | D:5      | Reached XP level 7. HP: 43/50 MP: 6/13
  4622 | D:5      | Noticed Dowan
  4624 | D:5      | Noticed Duvessa
  4635 | D:5      | Killed Duvessa
  4646 | D:5      | Killed Dowan
  4871 | D:5      | Reached skill level 5 in Translocations
  5226 | D:5      | Found a runed translucent door.
  5227 | D:5      | Noticed Crazy Yiuf
  5453 | D:5      | Killed Crazy Yiuf
  5627 | D:6      | Reached XP level 8. HP: 37/57 MP: 6/14
  6054 | D:6      | Noticed Sigmund
  6063 | D:6      | Killed Sigmund
  6300 | D:6      | Noticed Prince Ribbit
  6306 | D:6      | Killed Prince Ribbit
  6405 | D:6      | Found a staircase to the Ecumenical Temple.
  6511 | D:6      | Noticed Grinder
  6518 | D:6      | Killed Grinder
  6842 | D:6      | Reached XP level 9. HP: 57/62 MP: 6/15
  7535 | D:7      | Found a transporter.
  7537 | D:7      | Found Guor's Armour Emporium.
  7671 | D:7      | Found Osam's Jewellery Boutique.
  7732 | D:7      | Found a transporter.
  7910 | D:7      | Found Iliu's Distillery.
  8031 | D:7      | Found Huleec's Armour Emporium.
  8413 | D:7      | Found Omih Vie's Magic Scroll Emporium.
  8771 | D:8      | Reached skill level 5 in Spellcasting
  9475 | D:8      | Reached XP level 10. HP: 16/69 MP: 0/24
 10450 | D:7      | Bought a +0 helmet of see invisible for 138 gold pieces
 10613 | D:1      | Bought the +3 pair of mountain boots {steadfast, rC+} for
                  | 603 gold pieces
 10613 | D:1      | Found the +3 pair of mountain boots {steadfast, rC+}
 11151 | D:9      | Found a flagged portal.
 11179 | Bailey   | Entered a bailey
 11358 | Bailey   | Noticed an orc knight
 11456 | Bailey   | Killed an orc knight
 11885 | D:9      | Found Cyisch's Antique Weapon Emporium.
 11994 | D:9      | Reached skill level 10 in Spellcasting
 12209 | D:9      | Noticed Psyche
 12333 | D:9      | Killed Psyche
 12352 | D:9      | Reached skill level 8 in Conjurations
 12485 | D:9      | Identified the +0 robe "Hotatoij" {Str+3 Int+3 Dex+3
                  | Stlth-}
 13052 | D:9      | Reached XP level 11. HP: 74/74 MP: 16/29
 13247 | D:10     | Entered Level 10 of the Dungeon
 13580 | D:10     | Identified the +2 dagger of the Mushroom {elec, rCorr}
 13585 | D:10     | Found a staircase to the Lair.
 13595 | D:10     | Reached skill level 9 in Conjurations
 14160 | D:11     | Found a gate leading to a gauntlet.
 14312 | D:11     | Reached skill level 10 in Conjurations
 14416 | Gauntlet | Entered a Gauntlet
 14416 | Gauntlet | Found a large runed translucent door.
 14416 | Gauntlet | Found a large runed translucent door.
 14416 | Gauntlet | Found a large runed translucent door.
 14416 | Gauntlet | Found a large runed translucent door.
 14416 | Gauntlet | Found a large runed translucent door.
 14416 | Gauntlet | Found a large runed translucent door.
 14416 | Gauntlet | Found a runed translucent door.
 14416 | Gauntlet | Found a transporter.
 14416 | Gauntlet | Found a runed translucent door.
 14416 | Gauntlet | Found a large runed translucent door.
 14416 | Gauntlet | Found a large runed translucent door.
 14416 | Gauntlet | Found a large runed translucent door.
 14416 | Gauntlet | Found a large runed translucent door.
 14416 | Gauntlet | Found a large runed translucent door.
 14416 | Gauntlet | Found a large runed translucent door.
 14423 | Gauntlet | Noticed an entropy weaver
 14426 | Gauntlet | Found a transporter.
 14544 | Gauntlet | Found a transporter.
 14547 | Gauntlet | Found a transporter.
 14557 | Gauntlet | Found a transporter.
 14574 | Gauntlet | Noticed a death drake
 14574 | Gauntlet | Noticed a reaper
 14577 | Gauntlet | Found a transporter.
 14590 | Gauntlet | Found a transporter.
 14606 | Gauntlet | Noticed a reaper
 14610 | Gauntlet | Found a transporter.
 14614 | Gauntlet | Found a transporter.
 14616 | Gauntlet | Found a runed translucent door.
 14618 | Gauntlet | Found a runed translucent door.
 14622 | Gauntlet | Found a transporter.
 14635 | Gauntlet | Found a large runed translucent door.
 14636 | Gauntlet | Found a large runed translucent door.
 14638 | Gauntlet | Found a runed translucent gate.
 14646 | Gauntlet | Found a transporter.
 14646 | Gauntlet | Found a runed translucent gate.
 14646 | Gauntlet | Found a transporter.
 14647 | Gauntlet | Found a runed translucent gate.
 14647 | Gauntlet | Noticed an entropy weaver
 14678 | Gauntlet | Found a large runed translucent door.
 14678 | Gauntlet | Found a large runed translucent door.
 14737 | Gauntlet | Killed an entropy weaver
 14738 | Gauntlet | Reached skill level 11 in Conjurations
 14745 | Gauntlet | Identified the ring "Unosyih" {Will+ rCorr Str+4}
 14856 | Gauntlet | Slain by a wolf spider zombie

Illustrated notes

Levels and vault maps discovered:
D:1:      grunt_arrival_crossed_arrows, layout_loops_ring, serial_shops, shop,
          minmay_vboxes
D:2:      layout_rooms, serial_bayou, serial_bayou_ford_a, serial_bayou_shore_b,
          serial_bayou_pond_a, serial_bayou_pond_d, serial_bayou_lagoon_b
D:3:      layout_rooms, yredelemnul_forgotten_temple_becter,
          amcnicky_altar_gilded
D:4:      layout_cave_pods, nemelex_diamond_rough_becter,
          grunt_temple_overflow_open, uniq_blork_the_orc
D:5:      layout_loops_ring, grunt_qazlal_sundering, vehumet_statue,
          portal_sewer_entry_d, uniq_duvessa, uniq_crazy_yiuf_cottage
D:6:      layout_basic, temple_fountains, hangedman_abyss_or_decor_stabs,
          roderic_roman_lattice, st_stairs_11, grunt_ministairs_5, uniq_sigmund,
          uniq_grinder, uniq_prince_ribbit1
D:7:      layout_basic, mainiacjoe_overflow_catwalk_spiral, serial_shops,
          nicolae_shop_crystal, nicolae_shop_advertising_works
          [nicolae_subvault_shop_adworks], shop, nicolae_shop_drivethru,
          nicolae_shop_tiny_glass, minmay_crystal_room
D:8:      layout_loops_ring, minitemple
D:9:      layout_stronghold, lemuel_tele_altar, enter_bailey_3, serial_shops,
          shop, uniq_psyche
D:10:     layout_cave_pools, led_sif_pool, david_lair_generic
D:11:     layout_rooms, gauntlet_entry_generic
Gauntlet: minmay_gauntlet_mixed_oops_all_seconds
          [minmay_gauntlet_arena_77_cramped,
          minmay_gauntlet_arena_make_your_own_arena,
          minmay_gauntlet_arena_77_checkered, nicolae_gauntlet_arena_x,
          minmay_gauntlet_arena_77_double_cross,
          nicolae_gauntlet_arena_quarters, gauntlet_exit_green]

Skill      XL: |  1  2  3  4  5  6  7  8  9 10 11 |
---------------+----------------------------------+-----
Spellcasting   | 2 6 10 | 10.0
Conjurations   | 4 5 6 7 8 11 | 11.0
Translocations | 2 6 9 |  9.8
Dodging        | |  1.7
Stealth        | |  1.7

Action                     |  1- 3 |  4- 6 |  7- 9 | 10-12 || total
---------------------------+-------+-------+-------+-------++-------
  Melee: Dagger            |    11 |     6 |    78 |    65 ||   160
         Punch             |       |       |     1 |     3 ||     4
   Cast: Magic Dart        |    89 |    78 |    44 |       ||   211
         Searing Ray       |     2 |     9 |    27 |     5 ||    43
         Iskenderun's Myst |       |       |    52 |   145 ||   197
    Use: Scroll            |       |     5 |     2 |    11 ||    18
         Potion            |       |       |       |     3 ||     3
 Armour: Robe              |     2 |       |       |       ||     2
         Ring mail         |       |    21 |       |       ||    21
         Troll leather arm |       |       |    34 |    73 ||   107
  Dodge: Dodged            |     7 |    19 |    91 |   111 ||   228
